 Dungeon Crawl Stone Soup version 0.28-a0-1624-g820543e53a (webtiles) character file.

Game seed: 18105125845496696137

559 issech the Cudgeller (level 7, -2/68 HPs)
             Began as a Troll Monk on Jan 24, 2022.
             Slain by a black bear (6 damage)
             ... on level 4 of the Dungeon.
             The game lasted 00:09:53 (2944 turns).

issech the Cudgeller (Troll Monk)                   Turns: 2944, Time: 00:09:53

Health: -2/68      AC:  6    Str: 20    XL:     7   Next: 9%
Magic:  6/6        EV: 11    Int:  6    God:
Gold:   121        SH:  0    Dex: 14    Spells: 6/6 levels left

rFire   . . .      SeeInvis .   m - +0 giant club
rCold   . . .      Faith    .   (shield currently unavailable)
rNeg    + . .      Spirit   .   h - +1 robe {Will+}
rPois   .          Reflect  .   (helmet restricted)
rElec   .          Harm     .   e - +0 cloak
rCorr   .          Rampage  .   (gloves unavailable)
Will    +....                   (boots unavailable)
Stlth   ++........              (no amulet)
HPRegen 1.01/turn               c - ring of positive energy
MPRegen 0.10/turn               (no ring)

@: no status effects
A: large, unfitting armour, claws 3, regeneration 1, shaggy fur 1, tough skin 1
a: no special abilities


You were on level 4 of the Dungeon.
You visited 1 branch of the dungeon, and saw 4 of its levels.

You collected 121 gold pieces.

Inventory:

Hand Weapons
 a - a +0 mace
 d - a +3 dagger
 m - a +0 giant club (weapon)
 o - a +0 hunting sling
 q - a +3 dagger
 r - a +3 trident of freezing
Missiles
 f - 14 sling bullets
 j - 37 stones (quivered)
Armour
 b - a +1 robe
 e - a +0 cloak (worn)
 h - a +1 robe of willpower (worn)
Jewellery
 c - a ring of positive energy (left claw)
Scrolls
 n - a scroll of brand weapon
 p - a scroll of teleportation {unknown}
Potions
 g - a potion of flight {unknown}
 i - a potion of curing {unknown}
 k - a potion of cancellation {unknown}
 l - a potion of attraction {unknown}


   Skills:
 + Level 3.7 Fighting
 + Level 5.7 Maces & Flails
 + Level 3.6 Dodging
 + Level 1.4 Stealth


You had 6 spell levels left.
You didn't know any spells.
Your spell library was empty.

Dungeon Overview and Level Annotations

Branches:
Dungeon (4/15)
 Temple: D:4-7

Altars:


Innate Abilities, Weirdness & Mutations

You are too large for most types of armour.
You have claws for hands.
Your natural rate of healing is unusually fast.
You are covered in fur. (AC +1)
You have tough skin. (AC +1)


Message History

The black bear barely misses you. The black bear closely misses you.
You hit the black bear.
The black bear is severely wounded.
The black bear goes berserk!
The black bear bites you but does no damage.
The black bear misses you. The black bear claws you.
You closely miss the black bear.
The black bear is severely wounded.
The black bear bites you. The black bear claws you.
The black bear barely misses you. The black bear bites you.
The black bear claws you but does no damage.
The black bear barely misses you.
You closely miss the black bear.
The black bear is severely wounded.
The black bear bites you! The black bear claws you.
The black bear closely misses you.
The black bear rages.
The black bear bites you!
* * * LOW HITPOINT WARNING * * *
The black bear misses you.
The black bear claws you but does no damage.
The black bear bites you but does no damage.
The black bear claws you.
* * * LOW HITPOINT WARNING * * *
The black bear misses you.
Unknown command.
You barely miss the black bear.
The black bear is severely wounded.
The black bear bites you!
* * * LOW HITPOINT WARNING * * *
The black bear barely misses you.
The black bear claws you but does no damage.
The black bear bites you!
* * * LOW HITPOINT WARNING * * *
The black bear closely misses you. The black bear misses you.
You hit the black bear but do no damage.
The black bear is severely wounded.
The black bear barely misses you. The black bear misses you.
The black bear claws you.
You die...

+## #####.## ..##
#......#### ...##
#.........# ....##
#..##..##.# .....#
#.. #..##.# .....+
... ....##.#
.....####..>##.##.#
....## #......##.#
...## ##......@##
..## #......#h##
+## ##.....##.##
##...# #..# ##.#
##.## #. #..# #
#..# ##.# ##.#


You could see a black bear (berserk).

Vanquished Creatures
  An ogre (D:3)
  A phantom (D:4)
  A scorpion (D:4)
  4 wights (D:4)
  A hound (D:4)
  An iguana (D:4)
  2 adders (D:2)
  4 gnolls (D:1)
  A worm (D:2)
  2 dart slugs (D:3)
  4 orcs (D:3)
  8 ball pythons
  3 endoplasms
  5 giant cockroaches
  5 goblins
  5 hobgoblins
  4 quokkas
  3 bats
  3 frilled lizards
  6 kobolds
  2 rats
66 creatures vanquished.

Notes
Turn   | Place    | Note
-------+----------+-------------------------------------------
     0 | D:1      | issech the Troll Monk began the quest for the Orb.
     0 | D:1      | Reached XP level 1. HP: 22/22 MP: 0/0
   226 | D:1      | Found a faded altar of an unknown god.
   342 | D:1      | Reached XP level 2. HP: 29/29 MP: 1/1
   743 | D:2      | Reached skill level 3 in Maces & Flails
   824 | D:2      | Reached XP level 3. HP: 19/36 MP: 2/2
   961 | D:1      | Reached XP level 4. HP: 17/44 MP: 3/3
  1807 | D:3      | Noticed an ogre
  1814 | D:3      | HP: 1/44 [ogre (28)]
  1906 | D:3      | Killed an ogre
  1907 | D:3      | Reached skill level 4 in Maces & Flails
  1907 | D:3      | Reached XP level 5. HP: 53/53 MP: 4/4
  2612 | D:4      | Noticed a phantom
  2639 | D:4      | Reached XP level 6. HP: 45/61 MP: 5/5
  2645 | D:4      | Reached skill level 5 in Maces & Flails
  2792 | D:4      | Reached XP level 7. HP: 57/68 MP: 6/6
  2943 | D:4      | HP: 3/68 [black bear (8)]
  2944 | D:4      | Slain by a black bear

Illustrated notes

Levels and vault maps discovered:
D:1:      scummos_arrival_star, layout_loops_ring,
          chequers_ecumenical_altar_island
D:2:      layout_basic
D:3:      layout_basic, serial_glass, glass_columns_c, glass_columns_a,
          glass_columns_c, glass_columns_a, glass_columns_a, glass_columns_a,
          glass_columns_a, glass_columns_a, item_on_display_a,
          minmay_strange_pillars
D:4:      black_bear_nest_1, layout_loops_corners, nicolae_wooded_promenade,
          abandoned_shop, minmay_misc_feat_nine_boxes, hangedman_glass_garden,
          due_unseen_surprise

Skill      XL: |  1  2  3  4  5  6 |
---------------+-------------------+-----
Maces & Flails | 3 4 5 |  5.7
Dodging        | 3 |  3.6
Fighting       | 3 |  3.7
Stealth        | |  1.4

Action                   |  1- 3 |  4- 6 |  7- 9 || total
-------------------------+-------+-------+-------++-------
Melee: Mace              |    67 |   102 |       ||   169
       Punch             |       |     1 |       ||     1
       Giant club        |       |    65 |    18 ||    83
  Use: Scroll            |       |     3 |       ||     3
 Stab: Sleeping          |       |     2 |     1 ||     3
Armor: Robe              |    19 |    55 |    26 ||   100
Dodge: Dodged            |    55 |    80 |    26 ||   161

Table legend: (Time is in decaauts)
 A = Elapsed time spent in this place.
 B = Non-inter-level travel time spent in this place.
 C = Inter-level travel time spent in this place.
 D = Time resting spent in this place.
 E = Time spent auto-exploring this place.
 F = Levels seen in this place.
 G = Mean time per level.
                   A        B        C        D        E       F      G
               +--------+--------+--------+--------+--------+-----+--------+
         Total |   3018 |   2929 |     89 |     77 |   1477 |   4 |  754.5 |
       Dungeon |   3018 |   2929 |     89 |     77 |   1477 |   4 |  754.5 |
               +--------+--------+--------+--------+--------+-----+--------+

Top non-repeatable levels by time:
     D:3: 1063 daAuts
     D:2: 790 daAuts
     D:1: 747 daAuts
     D:4: 416 daAuts
